 Dungeon Crawl Stone Soup version 0.32-a0-913-g739538afd8 (webtiles) character file.

Game seed: 6743198970831601056

1373129 Ge0ff the Gargoyle Aeon (level 27, 171/171 HPs)
             Began as a Gargoyle Alchemist on Apr 6, 2024.
             Was the Champion of Cheibriados.
             Escaped with the Orb
             ... and 3 runes on Apr 7, 2024!
             The game lasted 02:56:40 (109178 turns).

Ge0ff the Gargoyle Aeon (Gargoyle Alchemist)      Turns: 109178, Time: 02:56:40

Health: 171/171    AC: 40    Str: 32    XL:     27
Magic:  36/44      EV: 25    Int: 51    God:    Cheibriados [******]
Gold:   3404       SH: 11    Dex: 28    Spells: 6/60 levels left

rFire   + + .        a - staff "Ytuts" {rElec rC+ Ice Air}
rCold   + . .        i - +3 buckler {reflect}
rNeg    + + +        f - +2 robe {rC+ rF+}
rPois   ∞            b - +2 helmet {Int+3}
rElec   +            G - +2 cloak {rCorr}
rCorr   +            L - +2 pair of gloves {Dex+3}
SInv    .            x - +2 pair of slick slippers {slick, slippery, EV+4}
Will    +++..        Q - amulet of Xuohaext {rPois Regen+ Int+3}
Stlth   ++           Y - ring of willpower
HPRegen 1.28/turn    p - ring of the Cast Vote {Fire ^Drain rN++ Int+5, =R}
MPRegen 0.29/turn

%: reflection
@: flying, studying 2 skills, very slow
A: sickness immunity, AC +20, big wings, negative energy resistance 1,
electricity resistance, torment resistance 1, petrification resistance,
iridescent scales 1
0: Orb of Zot
}: 3/15 runes: barnacled, silver, gossamer
a: Renounce Religion, Bend Time, Temporal Distortion, Slouch, Step From Time


You escaped.
You worshipped Cheibriados.
Cheibriados was exalted by your worship.
You visited 10 branches of the dungeon, and saw 48 of its levels.
You also visited: Trove, Bailey, Ice Cave and Wizlab.

You collected 9459 gold pieces.
You spent 6055 gold pieces at shops.

Inventory:

Hand Weapons
 H - the +6 Majin-Bo {spellvamp, MP+6 Int+6}
   (You found it on level 3 of the Shoals)

   Int+6:     It affects your intelligence (+6).
   MP+6:      It affects your magic capacity (+6).
Missiles
 g - 5 throwing nets {=F}
 v - 6 curare-tipped darts {=F}
 A - 6 darts of dispersal
Armour
 b - a +2 helmet of intelligence (worn)
 f - a +2 robe of resistance (worn)
 i - a +3 buckler of reflection (worn)
 x - the +2 pair of slick slippers (worn) {slick, slippery, EV+4}
   (You found it on level 2 of the Depths)

   Slick:     Its wearer cannot be constricted, engulfed, netted, webbed, or
   stopped by binding sigils.
   Slippery:  Its wearer slips away from damaging melee attacks, pulling the
   attacker onward.
   EV+4:      It affects your evasion (+4).
 D - the +5 ring mail of Quiet Fog {rC+ Will+ Int+3 Dex+3}
   (You found it on level 1 of the Depths)

   Int+3:     It affects your intelligence (+3).
   Dex+3:     It affects your dexterity (+3).
   rC+:       It protects you from cold.
   Will+:     It increases your willpower.
 G - a +2 cloak of preservation (worn)
 L - a +2 pair of gloves of dexterity (worn)
Magical Staves
 a - the staff "Ytuts" (weapon) {rElec rC+ Ice Air}
   (You took it off a yaktaur captain on level 5 of the Vaults)

   [staff of cold]

   Base accuracy: +5 Base damage: 5 Base attack delay: 1.2 This weapon's minimum
   attack delay (0.6) is reached at skill level 12.
   rC+:       It protects you from cold.
   rElec:     It insulates you from electricity.
   Ice:       It increases the power of your Ice spells.
   Air:       It increases the power of your Air spells.
   It falls into the 'Staves' category.
   It is a one-handed weapon.
Jewellery
 h - the ring "Efuanu" {Fly rPois Will+}
   (You took it off a frost giant on level 2 of the Depths)

   [ring of flight]

   rPois:     It protects you from poison.
   Will+:     It increases your willpower.
   Fly:       It grants you flight.
 p - the ring of the Cast Vote (right hand) {Fire ^Drain rN++ Int+5, =R}
   (You took it off a deep elf master archer on level 3 of the Elven Halls)

   [ring of fire]

   Fire:      It enhances your fire magic.
   Int+5:     It affects your intelligence (+5).
   rF+:       It protects you from fire.
   rC-:       It makes you vulnerable to cold.
   rN++:      It greatly protects you from negative energy.
   ^Drain:    It drains your maximum health when unequipped.
 r - an amulet of faith
 t - the ring of Cyel {Fly Int+2}
   (You took it off a tengu reaver on level 3 of the Depths)

   [ring of flight]

   Int+2:     It affects your intelligence (+2).
   Fly:       It grants you flight.
 w - a +6 ring of intelligence
 Q - the amulet of Xuohaext (around neck) {rPois Regen+ Int+3}
   (You found it in an ice cave)

   [amulet of regeneration]

   Int+3:     It affects your intelligence (+3).
   rPois:     It protects you from poison.
   Regen+:    It increases your rate of health regeneration.
 S - a ring of see invisible
 Y - a ring of willpower (left hand)
 Z - a ring of protection from fire
Wands
 e - a wand of charming (30)
 j - a wand of acid (4)
 k - a wand of warping (16)
 s - a wand of mindburst (16)
 P - a wand of polymorph (31)
Scrolls
 m - 5 scrolls of revelation
 y - 8 scrolls of immolation
 B - 5 scrolls of blinking
 C - 4 scrolls of poison
 E - 12 scrolls of fear
 F - 10 scrolls of fog
 J - 5 scrolls of silence {!r}
 T - 10 scrolls of teleportation
 V - 7 scrolls of vulnerability
Potions
 o - 4 potions of ambrosia
 q - 34 potions of curing
 u - 10 potions of mutation {!q}
 z - 5 potions of brilliance
 I - 4 potions of invisibility
 K - a potion of magic {!q}
 M - 5 potions of might
 N - 2 potions of cancellation {!q}
 R - 3 potions of resistance
 W - 10 potions of heal wounds {!q}
 X - 11 potions of enlightenment
Miscellaneous
 c - a condenser vane
 l - a lightning rod (4/4)
 n - a phial of floods
 O - a sack of spiders
 U - a phantom mirror


   Skills:
 - Level 17.0 Fighting
 - Level 6.0 Throwing
 - Level 10.0 Armour
 - Level 10.0 Dodging
 + Level 12.4 Stealth
 - Level 10.0 Shields
 - Level 17.0 Spellcasting
 + Level 14.5 Conjurations
 - Level 7.0 Hexes
 - Level 7.0 Translocations
 - Level 17.0 Fire Magic
 - Level 17.0 Air Magic
 - Level 17.0 Earth Magic
 - Level 7.0 Alchemy
 - Level 17.1 Invocations
 - Level 15.0 Evocations


You had 6 spell levels left.
You knew the following spells:

 Your Spells              Type           Power      Damage    Failure   Level
d - Iskenderun's Mystic   Conj/Tloc      100%       2d19      (+2d11%     4
e - Irradiate             Conj/Alch      50%        3d28      1%          5
h - Lee's Rapid Deconstr  Erth           60%        3d28*     0%          5
m - Plasma Beam           Fire/Air       85%        2x1d104   1%          6
n - Bombard               Conj/Erth      58%        9d10      1%          6
s - Maxwell's Capacitive  Air            72%        ∞         2%          8
w - Passwall              Erth           100%       N/A       0%          3
y - Yara's Violent Unrav  Hex/Alch       43%        3d17      1%          5
B - Blink                 Tloc           100%       N/A       1%          2
C - Fireball              Conj/Fire      70%        3d26      1%          5
E - Arcjolt               Conj/Air       70%        1d80      1%          5

Your spell library contained the following spells:

 Spells                   Type           Power      Damage    Failure   Level
 Foxfire                  Conj/Fire      100%       2x1d9     0%          1
 Magic Dart               Conj           100%       1d8       0%          1
 Shock                    Conj/Air       100%       1d9       0%          1
 Sting                    Conj/Alch      100%       1d9       0%          1
 Mercury Vapours          Alch/Air       100%       N/A       0%          2
 Scorch                   Fire           100%       2d9       0%          2
 Static Discharge         Conj/Air       100%       3-8/arc   0%          2
 Dazzling Flash           Conj/Hex       100%       N/A       0%          3
 Inner Flame              Hex/Fire       100%       N/A       0%          3
 Mephitic Cloud           Conj/Alch/Air  100%       N/A       0%          3
 Stone Arrow              Conj/Erth      100%       3d13      0%          3
 Swiftness                Air            100%       N/A       0%          3
 Volatile Blastmotes      Fire/Tloc      100%       2d18      0%          3
 Airstrike                Air            72%        2d(11-27) 0%          4
 Brom's Barrelling Bould  Conj/Erth      100%       2d11      0%          4
 Flame Wave               Conj/Fire      100%       2d21      0%          4
 Freeze                   Ice            100%       1d10      1%          1
 Kiss of Death            Conj/Necr      100%       2d13      1%          1
 Necrotise                Necr           100%       1d9       1%          1
 Call Imp                 Summ           86%        N/A       1%          2
 Ensorcelled Hibernation  Hex/Ice        100%       N/A       1%          2
 Jinxbite                 Hex            100%       N/A       1%          2
 Lesser Beckoning         Tloc           100%       N/A       1%          2
 Call Canine Familiar     Summ           43%        N/A       1%          3
 Fugue of the Fallen      Necr           43%        N/A       1%          3
 Maxwell's Portable Pile  Tloc           86%        2d(13-39) 1%          3
 Ozocubu's Armour         Ice            60%        N/A       1%          3
 Sigil of Binding         Hex            86%        N/A       1%          3
 Teleport Other           Tloc           86%        N/A       1%          3
 Tukima's Dance           Hex            86%        N/A       1%          3
 Vampiric Draining        Necr           43%        2d9       1%          3
 Anguish                  Hex/Necr       34%        N/A       1%          4
 Animate Armour           Summ/Erth      100%       N/A       1%          4
 Cause Fear               Hex            43%        N/A       1%          4
 Dimensional Bullseye     Hex/Tloc       43%        N/A       1%          4
 Fulminant Prism          Conj/Alch      50%        3d23      1%          4
 Ignite Poison            Fire/Alch      100%       N/A       1%          4
 Leda's Liquefaction      Alch/Erth      52%        N/A       1%          4
 Olgreb's Toxic Radiance  Alch           86%        N/A       1%          4
 Passage of Golubria      Tloc           86%        N/A       1%          4
 Petrify                  Alch/Erth      100%       N/A       1%          4
 Sticky Flame             Fire/Alch      100%       2d15      1%          4
 Summon Blazeheart Golem  Fire/Summ      100%       N/A       1%          4
 Summon Lightning Spire   Summ/Air       100%       N/A       1%          4
 Vhi's Electric Charge    Tloc/Air       100%       N/A       1%          4
 Alistair's Intoxication  Alch           57%        N/A       1%          5
 Borgnjor's Vile Clutch   Necr/Erth      46%        N/A       1%          5
 Freezing Cloud           Conj/Ice/Air   73%        6-21      1%          5
 Conjure Ball Lightning   Conj/Air       70%        3x3d26    1%          6
 Permafrost Eruption      Ice/Erth       57%        2x4d13    1%          6
 Starburst                Conj/Fire      70%        6d18      1%          6
 Summon Forest            Summ/Tloc      34%        N/A       3%          5
 Summon Mana Viper        Hex/Summ       68%        N/A       3%          5
 Dispersal                Tloc           43%        N/A       3%          6
 Eringya's Noxious Bog    Alch           43%        4d6       3%          6
 Gell's Gavotte           Tloc           43%        2d(30-45) 3%          6
 Dispel Undead            Necr           43%        3d17      4%          4
 Martyr's Knell           Necr/Summ      43%        N/A       4%          4
 Curse of Agony           Necr           43%        N/A       12%         5
 Sculpt Simulacrum        Ice/Alch       43%        N/A       16%         6
 Death Channel            Necr           21%        N/A       56%         6
 Summon Cactus Giant      Summ           21%        N/A       56%         6
 Orb of Destruction       Conj           56%        9d14      1%          7
 Ignition                 Fire           72%        3d19      2%          8
 Lehudib's Crystal Spear  Conj/Erth      58%        10d14     4%          8
 Enfeeble                 Hex            43%        N/A       22%         7
 Manifold Assault         Tloc           43%        N/A       22%         7
 Chain Lightning          Conj/Air       70%        3d94      56%         9
 Malign Gateway           Summ/Tloc      34%        N/A       65%         7
 Discord                  Hex            43%        N/A       86%         8
 Disjunction              Tloc           43%        N/A       86%         8
 Haunt                    Necr/Summ      21%        N/A       98%         7
 Ozocubu's Refrigeration  Ice            30%        4d14      98%         7
 Summon Hydra             Summ           21%        N/A       98%         7
 Borgnjor's Revivificati  Necr           21%        N/A       100%        8
 Summon Horrible Things   Summ           21%        N/A       100%        8
 Death's Door             Necr           21%        N/A       100%        9
 Dragon's Call            Summ           21%        N/A       100%        9
 Polar Vortex             Ice            30%        12d4*     100%        9
 Cigotuvi's Dreadful Rot  Necr/Alch/Air  Unusable   N/A       N/A         2
 Sublimation of Blood     Necr           Unusable   N/A       N/A         2

Dungeon Overview and Level Annotations

Branches:
Dungeon (15/15)            Temple (1/1) D:4            Lair (5/5) D:8
 Shoals (4/4) Lair:2       Spider (4/4) Lair:3        Slime (0/5) Lair:4
    Orc (2/2) D:11            Elf (3/3) Orc:2        Vaults (5/5) D:14
  Crypt (0/3) Vaults:3     Depths (4/4) D:15            Zot (5/5) Depths:4
 Bailey (visited)           IceCv (visited)          WizLab (visited)

Altars:
Ashenzari
Cheibriados
Dithmenos
Elyvilon
Fedhas
Gozag
Hepliaklqana
Kikubaaqudgha
Makhleb
Nemelex Xobeh
Okawaru
Qazlal
Ru
Sif Muna
Trog
Uskayaw
Vehumet
Wu Jian
Xom
Yredelemnul
Zin
The Shining One
Jiyva

Shops:
D:9 **   D:10 *   D:13 (   D:14 !   Orc:2 =(**   Elf:1 =   Elf:3 :   Shoals:2 !
Shoals:3 !   Vaults:3 :   Depths:2 [   Depths:4 ![:

Portals:
Hell: Depths:1 Depths:2 Depths:3 Depths:4
Abyss: Depths:2 Depths:3
Pandemonium: Depths:2
Ziggurat: Depths:3


Innate Abilities, Weirdness & Mutations

You are immune to sickness and miasma.
Your stone body is resilient. (AC +20)
You are immune to poison.
Your large and strong wings let you fly.
You resist negative energy. (rN+)
You are resistant to electric shocks. (rElec)
You are resistant to unholy torment.
You are immune to petrification.
You are partially covered in iridescent scales. (AC +2)


Message History

Ufunun gestures.
Casting: Maxwell's Capacitive Coupling (dangerous; 2% risk of failure)
Confirm with . or Enter, or press ? or * to list all spells.
You blink.
You reach down and open the door.
You feel ready to blink again.
An ufetubus comes into view.
You block the orange demon's attack. Ufunun hits you.
You slip backwards!
Blink to where?
Press: ? - help, Dir - move target
As you read the scroll of blinking, it crumbles to dust.
The ufetubus slips past you! The ufetubus misses you.
The ufetubus closely misses you.
You hit the ufetubus. You freeze the ufetubus.
The ufetubus is severely wounded.
Ufunun gestures at you.
The bolt of dispelling energy hits you!!
The ufetubus hits you but does no damage.
The ufetubus misses you. You block the ufetubus's attack.
The ufetubus completely misses you.
The red devil hits you but does no damage.
Blink to where?
Press: ? - help, Dir - move target
As you read the scroll of blinking, it crumbles to dust.
The ice devil hits you but does no damage.
The ice devil completely misses you.
The ufetubus hits you but does no damage.
The ufetubus completely misses you.
The ice devil attacks as it pursues you!
You block the ice devil's attack. The ice devil misses you.
The ice devil attacks as it pursues you!
The ice devil closely misses you. The ice devil completely misses you.
There is a stone staircase leading up here.
The ice devil misses you.
You fly upwards.
There is a stone staircase leading down here.
Casting: Blink (safe; 1% risk of failure)
Confirm with . or Enter, or press ? or * to list all spells.
You erupt in a fountain of uncontrolled magic!
The ice devil is blasted with magical radiation!!!
You kill the ice devil!
Cheibriados appreciates the change of pace.
You are very lightly contaminated with residual magic.
HP restored.
Your magical contamination has completely faded away.
There is an escape hatch in the ceiling here.
A mysterious force pulls you upwards. The hatch slams shut behind you.
There is a large open door here.
There is a staircase leading out of the dungeon here.
You have escaped!

#.#.#........## ######.##.##
#.#.#......#######......##...
#.#.....##.# #.##.#....###..
#.#####.##.# #♣.#.#...## #..
###.......#..# ♣......## ##.
#...########## ♣..###.# #.
#...# ♣..#...# #. #...#
######.#.########. #.).#
#@...#.#.....†.... #...#
#..ß.'.########### #...#
#..ß.'.........÷.÷ #...#
#....#...######### #####
######.#.####### ♣♣.#.......#
#♣..#.#####.# #.....#####.#
#.######....#


There were no monsters in sight!

Vanquished Creatures
  5 dread liches
  Frederick (Vaults:3)
  8 orbs of fire (Zot:5)
  Mara (Spider:3)
  4 Killer Klowns
  2 curse toes
  A caustic shrike (Depths:2)
  11 golden dragons
  Nikola (Depths:1)
  A profane servitor (D:15)
  Arachne (Spider:4)
  A Tzitzimitl (D:3)
  Jorgrun (Orc:2)
  6 electric golems
  The ghost of Sudilyre the Warrior, an adept MiBe of Trog (Vaults:2)
  22 tentacled monstrosities
  A Hell Sentinel (WizLab)
  2 walking crystal tomes
  3 deep elf blademasters
  3 liches
  6 quicksilver dragons
  30 Orb Guardians
  4 sphinxes
  4 titans
  Gastronok (Lair:2)
  2 deep elf master archers (Elf:3)
  8 death cobs
  Polyphemus (Shoals:4)
  5 krakens
  Kirke (D:13)
  8 tengu reavers
  Roxanne (Elf:2)
  Agnes (Spider:2)
  5 shadow dragons
  2 protean progenitors (Zot:5)
  Aizul (Spider:4)
  Donald (Spider:4)
  An azure jelly (IceCv)
  8 draconian monks
  10 draconian knights
  18 storm dragons
  A revenant (Vaults:3)
  13 fire giants
  12 vault wardens
  8 deep elf sorcerers
  3 emperor scorpions
  Louise (Spider:3)
  12 frost giants
  3 iron dragons
  3 draconian scorchers
  4 draconian shifters
  2 balrugs
  9 ghost moths
  3 draconian stormcallers
  A reaper (Depths:4)
  6 orc warlords
  2 angels
  A broodmother (Spider:3)
  3 deep elf elementalists (Elf:3)
  A spriggan defender (Depths:2)
  17 ironbound preservers
  2 cacodemons (WizLab)
  2 vampire knights
  3 quicksilver oozes (IceCv)
  8 deep elf demonologists
  8 black draconians
  8 ironbound thunderhulks
  26 very ugly things
  17 stone giants
  4 green draconians
  4 deep elf death magi (Elf:3)
  8 red draconians
  9 deep elf annihilators
  8 yellow draconians
  12 purple draconians
  14 white draconians
  2 pale draconians (Depths:4)
  Azrael (Spider:2)
  8 spark wasps
  2 war gargoyles
  2 eidola (Vaults:3)
  3 merfolk javelineers (Shoals:4)
  5 ettins
  10 fire dragons
  5 jiangshi (Depths:1)
  5 deep elf high priests
  Josephine (D:11)
  4 entropy weavers
  12 yaktaur captains
  11 merfolk impalers
  An entropy weaver (shapeshifter) (D:14)
  2 rakshasas
  2 ogre magi
  10 great orbs of eyes
  A jorogumo (Spider:3)
  A sphinx zombie (Vaults:5)
  2 hell beasts
  11 ice dragons
  2 spriggan air magi
  34 vault guards
  5 hydras
  3 alligator snapping turtles
  A death knight (D:15)
  6 merfolk aquamancers
  9 centaur warriors
  5 radroaches
  2 catoblepae
  5 merfolk avatars
  15 two-headed ogres
  9 boulder beetles
  9 ironbound frosthearts
  7 deep troll shamans
  2 satyrs
  3 vampire magi
  7 tengu warriors
  24 dancing weapons
  A sphinx skeleton (Vaults:5)
  6 death yaks
  4 demonic crawlers
  11 deep troll earth magi
  4 hell hogs (D:13)
  A titan zombie (Vaults:5)
  8 hell knights
  A naga warrior (Vaults:2)
  5 sun demons
  9 spriggan berserkers
  2 soul eaters (WizLab)
  Sonja (Lair:2)
  19 deep elf knights
  A fire crab (Lair:5)
  2 sixfirhies
  10 iron trolls
  14 deep elf archers
  2 skeletal warriors (D:14)
  8 skysharks
  20 sea snakes
  4 glowing orange brains
  36 deep trolls
  6 pharaoh ants
  2 shadow demons
  11 orb spiders
  Lodul (D:12)
  2 flayed ghosts
  6 arcanists
  7 steelbarb worms
  3 swamp dragons (Depths:4)
  22 ironbound convokers
  A sun moth (Spider:3)
  Pikel (D:8)
  4 lindwurms
  7 thermic dynamos
  23 harpies
  11 orc knights
  6 phantasmal warriors
  A sphinx simulacrum (Vaults:4)
  A wolf spider zombie (D:14)
  32 deep elf pyromancers
  9 necromancers
  37 deep elf zephyrmancers
  17 wolf spiders
  6 orc sorcerers
  10 fauns
  8 cyclopes
  21 manticores
  Maurice (D:9)
  10 centaur zombies
  39 ugly things
  A meliai (shapeshifter) (Vaults:5)
  8 merfolk sirens
  16 elephants
  16 vault sentinels
  12 black mambas
  21 moths of wrath
  6 meliai
  2 molten gargoyles (Lair:5)
  3 kobold blastminers (Orc:2)
  2 ice statues (IceCv)
  5 smoke demons
  7 water nymphs
  2 centaur skeletons (D:13)
  Maggie (D:9)
  5 torpor snails
  A gargoyle (D:10)
  10 komodo dragons
  13 cane toads
  An orange demon (D:14)
  21 yaktaurs
  4 rime drakes
  4 freezing wraiths
  A hellion (D:12)
  A kobold demonologist (D:12)
  31 merfolk
  Psyche (D:11)
  5 ice devils
  3 tormentors
  5 trolls
  A queen bee (D:15)
  A red devil (D:5)
  12 hornets
  3 hellwings (D:15)
  4 polar bears
  An iron dragon simulacrum (Vaults:5)
  26 tarantellas
  23 jumping spiders
  4 wind drakes
  22 blink frogs
  A dream sheep (shapeshifter) (Vaults:5)
  An elf zombie (Vaults:5)
  14 dream sheep
  2 spriggans (Depths:2)
  11 snapping turtles
  3 centaur simulacra
  4 meliai zombies
  15 culicivoras
  14 water elementals
  An air elemental (Elf:2)
  A culicivora (shapeshifter) (Vaults:2)
  73 slime creatures
  3 vampires
  A shadow (D:12)
  5 fire elementals
  2 humans (D:13)
  9 wraiths
  55 yaks
  Grum (Bailey)
  4 wyverns
  12 basilisks
  5 wargs
  15 vampire mosquitoes
  64 redbacks
  9 steam dragons
  A chaos spawn (WizLab)
  A naga (shapeshifter) (Elf:3)
  5 water moccasins
  34 orc warriors
  7 hell hounds
  An ice beast (Vaults:4)
  A hornet zombie (D:15)
  A sky beast (D:7)
  6 black bears
  12 centaurs
  6 laughing skulls
  An ogre (shapeshifter) (Elf:3)
  22 wolves
  12 ogres
  5 boggarts (Vaults:2)
  A lemure (D:8)
  A phantom (D:6)
  4 slime creature simulacra (IceCv)
  8 gnoll sergeants
  9 bullfrogs
  5 kobold brigands
  2 glowing shapeshifter simulacra (IceCv)
  2 earth elementals
  3 scorpions
  10 wights
  19 killer bees
  5 electric eels
  3 bombardier beetles
  5 lava snakes (Lair:5)
  4 hounds
  6 jellies
  14 orc priests
  8 gnoll boudas
  A sleepcap (D:4)
  A boggart zombie (D:14)
  Jessica (D:3)
  4 iguanas
  9 orc wizards
  10 hell rats (Lair:5)
  2 shapeshifter simulacra (IceCv)
  30 gnolls
  6 adders
  A shadow imp (D:8)
  A dart slug (D:4)
  4 ribbon worms
  70 orcs
  5 ball pythons
  4 bats
  10 endoplasms
  3 giant cockroaches
  11 goblins
  7 hobgoblins
  12 jackals
  6 quokkas
  3 frilled lizards
  48 kobolds
  7 rats
  6 tentacles (Shoals:4)
2271 creatures vanquished.

Vanquished Creatures (collateral kills)
  Norris (Depths:1)
  A sphinx (Depths:2)
  A fire giant (Depths:2)
  A vault warden (Vaults:5)
  A deep elf death mage (Vaults:5)
  A yaktaur captain (Vaults:5)
  A skyshark (Depths:1)
  An ironbound convoker (Vaults:5)
  A slime creature (IceCv)
  A slime creature simulacrum (IceCv)
  A shapeshifter simulacrum (IceCv)
  2 foxfires (D:8)
13 creatures vanquished.

Vanquished Creatures (others)
  A shadow dragon (Depths:4)
  An ettin (Vaults:5)
  A rakshasa (D:15)
  A deep troll (Depths:4)
  A small abomination (Zot:4)
  A water elemental (Elf:2)
  A human (D:13)
  21 foxfires (D:8)
  21 tentacles
49 creatures vanquished.

Grand Total: 2333 creatures vanquished

Notes
Turn   | Place    | Note
-------+----------+-------------------------------------------
     0 | D:1      | Ge0ff the Gargoyle Alchemist began the quest for the Orb.
     0 | D:1      | Reached XP level 1. HP: 10/10 MP: 3/3
   161 | D:1      | Reached XP level 2. HP: 15/15 MP: 0/5
   747 | D:1      | Reached XP level 3. HP: 18/20 MP: 2/6
   785 | D:1      | Learned a level 1 spell: Foxfire
   944 | D:1      | Reached skill level 1 in Fighting
  1568 | D:2      | Reached skill level 1 in Fire Magic
  1903 | D:2      | Reached XP level 4. HP: 21/25 MP: 1/7
  3273 | D:3      | Noticed Jessica
  3279 | D:3      | Killed Jessica
  3899 | D:4      | Reached XP level 5. HP: 29/29 MP: 8/8
  4049 | D:4      | Found a staircase to the Ecumenical Temple.
  4085 | Temple   | Entered the Ecumenical Temple
  4100 | Temple   | Became a worshipper of Cheibriados the Contemplative
  4662 | D:5      | Entered Level 5 of the Dungeon
  4688 | D:5      | Learned a level 3 spell: Mephitic Cloud
  4781 | D:5      | Reached XP level 6. HP: 34/34 MP: 6/9
  4897 | D:5      | Found a broken altar of Ashenzari.
  5091 | D:5      | Reached skill level 5 in Conjurations
  5346 | D:5      | Reached skill level 1 in Air Magic
  5346 | D:5      | Reached XP level 7. HP: 38/38 MP: 6/10
  5448 | D:5      | Noticed a steam dragon
  5449 | D:5      | Noticed a wyvern
  5455 | D:5      | Killed a steam dragon
  5455 | D:5      | Reached * piety under Cheibriados
  5463 | D:5      | Killed a wyvern
  5767 | D:5      | Learned a level 4 spell: Olgreb's Toxic Radiance
  5836 | D:5      | Reached skill level 5 in Fire Magic
  5836 | D:5      | Reached XP level 8. HP: 43/43 MP: 6/12
  6189 | D:5      | Reached ** piety under Cheibriados
  6688 | D:6      | Found an ornate altar of the Wu Jian Council.
  6690 | D:6      | Found an opulent altar of Gozag.
  6785 | D:6      | Learned a level 4 spell: Sticky Flame
  6804 | D:6      | Reached *** piety under Cheibriados
  6848 | D:6      | Found a sparkling altar of Nemelex Xobeh.
  7212 | D:6      | Reached skill level 5 in Alchemy
  7327 | D:6      | Reached XP level 9. HP: 47/47 MP: 8/15
  7400 | D:6      | Found a radiant altar of Vehumet.
  8009 | D:6      | Found a sparkling altar of Nemelex Xobeh.
  8054 | D:6      | Found an ornate altar of the Wu Jian Council.
  8059 | D:6      | Found an opulent altar of Gozag.
  8125 | D:6      | Found a radiant altar of Vehumet.
  8765 | D:7      | You fall into a shaft and drop 1 floor!
  8795 | D:8      | Reached **** piety under Cheibriados
  8892 | D:8      | Found a flagged portal.
  8919 | Bailey   | Entered a bailey
  9334 | Bailey   | Noticed Grum
  9340 | Bailey   | Reached XP level 10. HP: 38/56 MP: 4/17
  9342 | Bailey   | Killed Grum
  9343 | Bailey   | Reached skill level 5 in Spellcasting
  9589 | Bailey   | Reached skill level 1 in Evocations
  9747 | D:8      | Learned a level 6 spell: Plasma Beam
  9808 | D:8      | Reached ***** piety under Cheibriados
  9943 | D:8      | Noticed Pikel
  9949 | D:8      | Killed Pikel
 11409 | D:8      | Found a staircase to the Lair.
 11488 | D:9      | Noticed Maggie
 11492 | D:9      | Killed Maggie
 11493 | D:9      | Reached skill level 5 in Air Magic
 11502 | D:9      | Reached XP level 11. HP: 60/60 MP: 13/20
 11640 | D:9      | Noticed Maurice
 11680 | D:9      | Killed Maurice
 11759 | D:9      | Found a shadowy altar of Dithmenos.
 12027 | D:9      | Found Jioclon's Specific Store.
 12029 | D:9      | Found Ygoc's General Store.
 12033 | D:9      | Bought a potion of attraction for 30 gold pieces
 12033 | D:9      | Bought a scroll of immolation for 40 gold pieces
 12033 | D:9      | Bought a scroll of blinking for 75 gold pieces
 12033 | D:9      | Bought a scroll of identify for 20 gold pieces
 12130 | D:9      | Found a shimmering blue altar of Sif Muna.
 12331 | D:10     | Entered Level 10 of the Dungeon
 12331 | D:10     | Noticed a two-headed ogre
 12337 | D:10     | Killed a two-headed ogre
 13068 | D:10     | Noticed a boulder beetle
 13075 | D:10     | Killed a boulder beetle
 13335 | D:10     | Reached ****** piety under Cheibriados
 13420 | D:10     | Found Kuojasos's General Store.
 13428 | D:10     | Bought a potion of curing for 42 gold pieces
 13428 | D:10     | Bought a scroll of immolation for 56 gold pieces
 13552 | D:11     | Found a staircase to the Orcish Mines.
 13754 | D:11     | Noticed Psyche
 13760 | D:11     | Killed Psyche
 13923 | D:11     | Noticed Josephine
 13926 | D:11     | Killed Josephine
 13933 | D:11     | Reached XP level 12. HP: 60/64 MP: 4/22
 14190 | D:11     | Noticed a two-headed ogre
 14191 | D:11     | Killed a two-headed ogre
 15455 | Orc:1    | Entered Level 1 of the Orcish Mines
 15455 | Orc:1    | Noticed an orc warlord
 15466 | D:11     | Killed an orc warlord
 15687 | Lair:1   | Entered Level 1 of the Lair of Beasts
 15693 | Lair:1   | Reached skill level 10 in Fire Magic
 15854 | Lair:1   | You fall into a shaft and drop 1 floor!
 16714 | Lair:1   | Reached XP level 13. HP: 70/70 MP: 17/25
 17313 | Lair:2   | Noticed Gastronok
 17323 | Lair:2   | Killed Gastronok
 17324 | Lair:2   | Reached skill level 10 in Air Magic
 17682 | Lair:2   | Noticed Sonja
 17690 | Lair:2   | Killed Sonja
 17942 | Lair:2   | Found a staircase to the Shoals.
 18931 | Lair:3   | Reached skill level 1 in Armour
 18994 | Lair:3   | Reached skill level 1 in Throwing
 19863 | Lair:3   | Found a hole to the Spider Nest.
 20701 | Lair:4   | Gained mutation: Your large and strong wings let you fly.
                  | [Gargoyle growth]
 20701 | Lair:4   | Reached XP level 14. HP: 75/76 MP: 12/27
 20778 | Lair:4   | Reached skill level 5 in Fighting
 21855 | Lair:4   | Found a staircase to the Slime Pits.
 21855 | Lair:4   | Found a viscous altar of Jiyva.
 22627 | Lair:5   | Entered Level 5 of the Lair of Beasts
 22658 | Lair:5   | Reached skill level 5 in Evocations
 24076 | Lair:5   | HP: 2/80 [molten gargoyle/+0 dire flail (8)]
 24263 | Lair:5   | Reached skill level 10 in Spellcasting
 25783 | Lair:5   | Found a large runed translucent door.
 25783 | Lair:5   | Found a large runed translucent door.
 26337 | Lair:5   | Identified the ring "Onitz" {rC+ Dex+2}
 26527 | D:9      | Bought a scroll of fear for 40 gold pieces
 26527 | D:9      | Bought a scroll of teleportation for 30 gold pieces
 26814 | Orc:2    | Entered Level 2 of the Orcish Mines
 27434 | Orc:2    | Paralysed by an orc sorcerer for 4 turns
 27440 | Orc:2    | Reached XP level 15. HP: 82/85 MP: 11/29
 28655 | Orc:2    | Learned a level 5 spell: Arcjolt
 29174 | Orc:2    | Noticed Jorgrun
 29179 | Orc:2    | Killed Jorgrun
 29612 | Orc:2    | Found Zifunas's General Store.
 29612 | Orc:2    | Found Radaomnuru's Weapon Shop.
 29612 | Orc:2    | Found Iklewkob's Jewellery Boutique.
 29615 | Orc:2    | Found Duvuga's Assorted Antiques.
 29619 | Orc:2    | Bought a +2 helmet of intelligence for 279 gold pieces
 29641 | Orc:2    | Bought an inky potion for 22 gold pieces
 29641 | Orc:2    | Bought a cyan potion for 22 gold pieces
 29641 | Orc:2    | Bought a scroll labelled BIOMNU BIHO for 25 gold pieces
 29824 | Orc:2    | Found a staircase to the Elven Halls.
 30184 | D:12     | Found a frozen archway.
 30264 | IceCv    | Entered an ice cave
 31388 | IceCv    | Reached skill level 5 in Dodging
 31694 | IceCv    | Noticed an azure jelly
 31696 | IceCv    | Killed an azure jelly
 32021 | IceCv    | Found a viscous altar of Jiyva.
 32040 | IceCv    | Identified the amulet of Xuohaext {rPois Regen+ Int+3}
 32054 | IceCv    | Identified the +0 leather armour "Heem" {rCorr Dex+5
                  | Slay+2}
 32721 | D:12     | Noticed Lodul
 32722 | D:12     | Killed Lodul
 34218 | D:13     | Noticed Kirke
 34219 | D:13     | Killed Kirke
 34228 | D:13     | Learned a level 5 spell: Fireball
 34639 | D:13     | Reached skill level 1 in Invocations
 34823 | D:13     | Found Jife's Antique Weapon Shoppe.
 35430 | D:14     | Reached XP level 16. HP: 92/92 MP: 14/30
 36661 | D:14     | Reached skill level 5 in Armour
 36979 | D:14     | Found a gate to the Vaults.
 37158 | D:14     | Upgraded the game from 0.32-a0-909-gc671339a80 to
                  | 0.32-a0-913-g739538afd8
 37355 | D:14     | Found Osoddumu's Distillery.
 37361 | D:14     | Bought 2 potions of mutation for 272 gold pieces
 37361 | D:14     | Bought a potion of heal wounds for 85 gold pieces
 37639 | D:15     | Entered Level 15 of the Dungeon
 38996 | D:15     | Found a sacrificial altar of Ru.
 39348 | D:15     | Reached skill level 1 in Shields
 40116 | D:15     | Found a staircase to the Depths.
 40578 | Shoals:1 | Entered Level 1 of the Shoals
 41027 | Shoals:1 | Noticed a kraken
 41036 | Shoals:1 | Killed a kraken
 41037 | Shoals:1 | Reached XP level 17. HP: 99/99 MP: 10/32
 43361 | Shoals:2 | Found Jiasady's Distillery.
 43421 | Shoals:2 | Bought a potion of heal wounds for 100 gold pieces
 43421 | Shoals:2 | Bought a potion of heal wounds for 100 gold pieces
 43712 | Shoals:2 | Reached skill level 5 in Invocations
 44074 | Shoals:2 | Learned a level 8 spell: Maxwell's Capacitive Coupling
 44150 | Shoals:2 | Reached skill level 5 in Shields
 45481 | Shoals:3 | Reached skill level 15 in Fire Magic
 45765 | Shoals:3 | Found the +6 Majin-Bo {spellvamp, MP+6 Int+6}
 46259 | Shoals:3 | Found Fouch's Distillery.
 46267 | Shoals:3 | Bought a potion of invisibility for 144 gold pieces
 46286 | Shoals:3 | Noticed a kraken
 46292 | Shoals:3 | Killed a kraken
 46293 | Shoals:3 | Reached skill level 10 in Conjurations
 46820 | Shoals:4 | Entered Level 4 of the Shoals
 46826 | Shoals:4 | Noticed a kraken
 46917 | Shoals:4 | Killed a kraken
 47484 | Shoals:4 | Reached XP level 18. HP: 106/106 MP: 26/33
 48647 | Shoals:4 | Noticed Polyphemus
 48657 | Shoals:4 | Killed Polyphemus
 49160 | Shoals:4 | Reached skill level 10 in Fighting
 49905 | Shoals:4 | Got a barnacled rune of Zot
 50198 | Spider:1 | Entered Level 1 of the Spider Nest
 52005 | Spider:2 | Noticed Agnes
 52007 | Spider:2 | Killed Agnes
 52335 | Spider:2 | Reached skill level 5 in Throwing
 52479 | Spider:2 | Noticed Azrael
 52555 | Spider:2 | Killed Azrael
 53236 | Spider:2 | Reached XP level 19. HP: 90/113 MP: 11/35
 54948 | Spider:3 | Noticed Mara
 54955 | Spider:3 | Noticed Ge0ff's illusion
 55661 | Spider:3 | Killed Mara
 56271 | Spider:3 | Noticed Louise
 56275 | Spider:3 | Killed Louise
 56722 | Spider:4 | Entered Level 4 of the Spider Nest
 56969 | Spider:3 | Learned a level 3 spell: Passwall
 56975 | Spider:3 | Learned a level 4 spell: Ignite Poison
 56977 | Spider:4 | Identified the serpent talisman of the Thirsty Deaths
                  | {Dex+3}
 56977 | Spider:4 | Noticed Aizul
 56980 | Spider:4 | Killed Aizul
 57248 | Spider:4 | Noticed Donald
 57254 | Spider:4 | Killed Donald
 57345 | Spider:4 | Reached skill level 15 in Air Magic
 57850 | Spider:4 | Noticed Arachne
 57854 | Spider:4 | Killed Arachne
 58168 | Spider:4 | Identified the +4 sling "Juihuw" {flame, Fly Will+}
 59789 | Spider:4 | Got a gossamer rune of Zot
 60312 | Elf:1    | Entered Level 1 of the Elven Halls
 60860 | D:15     | Learned a level 6 spell: Bombard
 61067 | Elf:1    | Reached skill level 1 in Earth Magic
 61455 | Elf:1    | Found Fanaexaike's Jewellery Emporium.
 61606 | Elf:1    | Reached XP level 20. HP: 120/120 MP: 30/37
 62172 | Elf:1    | Reached skill level 5 in Earth Magic
 64456 | Elf:2    | Found a runed translucent gate.
 64456 | Elf:2    | Found a runed translucent gate.
 64466 | Elf:2    | Noticed Roxanne
 64781 | Elf:2    | Found a runed translucent gate.
 66747 | Elf:2    | Killed Roxanne
 66748 | Elf:2    | Reached skill level 10 in Earth Magic
 66858 | Elf:3    | Entered Level 3 of the Elven Halls
 67378 | Elf:3    | Found Plog's Book Emporium.
 67475 | Elf:3    | Identified the +0 spear of Woe {speed, rPois}
 67777 | Elf:3    | Identified a scroll of acquirement
 67784 | Elf:3    | Acquired 1199 gold pieces
 68250 | Elf:3    | Bought a book of Blasting for 448 gold pieces
 68528 | Lair:3   | Learned a level 4 spell: Iskenderun's Mystic Blast
 68797 | Elf:3    | Identified the +6 ice dragon scales "Biqoig" {rPois rF-
                  | rC++}
 68797 | Elf:3    | Identified the ring of the Cast Vote {Fire ^Drain rN++
                  | Int+5}
 68806 | Elf:3    | Identified the +3 hand axe of Xuhuog {elec, rC+}
 68813 | Elf:3    | Identified the +0 mace of Beogh's Reproof {heavy, ^Fragile
                  | rC+ Dex+5}
 68944 | Elf:3    | Reached XP level 21. HP: 126/126 MP: 19/38
 68946 | Elf:3    | Reached skill level 1 in Translocations
 69299 | Elf:3    | Identified the +6 dagger of Jomud {venom, rElec rC+ Will-
                  | rCorr}
 70276 | Elf:3    | Got Sif Muna's Folio of Manifold Phlogiston
 70360 | Elf:3    | Got the Elucidation of the Comitatus and the Anticline
 70593 | Vaults:1 | Entered Level 1 of the Vaults
 70810 | Vaults:1 | Found a magical portal.
 70868 | WizLab   | Entered Doroklohe's Tomb
 71614 | Vaults:1 | Identified the +5 sling of Qahomep {freeze, Will++}
 74251 | Vaults:2 | Identified the +0 ring mail of the Monkey's Uncle {+Blink
                  | rPois rN++ Will+}
 74757 | Vaults:2 | Reached XP level 22. HP: 134/134 MP: 13/39
 75286 | Vaults:2 | Found a runed translucent gate.
 75286 | Vaults:2 | Found a runed translucent gate.
 75287 | Vaults:2 | Found a runed translucent gate.
 75287 | Vaults:2 | Identified the +1 leather armour of Mybrach {Rampage rPois
                  | Int-5}
 75288 | Vaults:2 | Noticed Sudilyre's ghost (adept MiBe)
 75290 | Vaults:2 | Found an iron altar of Okawaru.
 75756 | Vaults:2 | Killed Sudilyre's ghost
 76097 | Vaults:3 | Identified the orb of the Unbroken {*channel, Dex+3}
 76097 | Vaults:3 | Noticed Frederick
 76102 | Vaults:3 | Killed Frederick
 76333 | Vaults:3 | Identified the +7 mace "Ultimatum" {vamp, Int+3}
 76623 | Vaults:3 | Found a glowing golden altar of the Shining One.
 77208 | Vaults:3 | Reached skill level 5 in Translocations
 77380 | Vaults:3 | Found a staircase to the Crypt.
 77471 | Vaults:3 | Reached skill level 10 in Invocations
 77521 | Vaults:3 | Found Qefipt's Book Shoppe.
 77707 | Vaults:3 | Bought a book of Minor Magic for 352 gold pieces
 77707 | Vaults:3 | Bought a book of Spontaneous Combustion for 836 gold pieces
 77710 | Vaults:3 | Learned a level 2 spell: Blink
 77832 | Vaults:3 | You are sucked into a shaft and drop 1 floor!
 77835 | Vaults:4 | Reached skill level 10 in Evocations
 79055 | Vaults:4 | Found a portal to a secret trove of treasure.
 80310 | Depths:1 | Entered Level 1 of the Depths
 80778 | Depths:1 | Found a gateway to Hell.
 80802 | Depths:1 | Noticed Norris
 80812 | Depths:1 | Killed Norris
 81011 | Depths:1 | Found a transporter.
 81185 | Depths:1 | Reached XP level 23. HP: 143/143 MP: 22/41
 81284 | Depths:1 | Found a transporter.
 81367 | Depths:1 | Noticed Nikola
 81371 | Depths:1 | Killed Nikola
 81898 | Depths:1 | Found a transporter.
 81902 | Depths:1 | Found a transporter.
 82080 | Depths:1 | Identified the +5 ring mail of Quiet Fog {rC+ Will+ Int+3
                  | Dex+3}
 82306 | Depths:2 | Found a one-way gate to the infinite horrors of the Abyss.
 82359 | Depths:2 | Reached skill level 15 in Fighting
 82592 | Depths:2 | Identified the ring "Efuanu" {Fly rPois Will+}
 82610 | Depths:2 | Noticed a caustic shrike
 82614 | Depths:2 | Killed a caustic shrike
 83402 | Depths:2 | Identified the +5 dagger "Vocrupt" {heavy, Will+ rCorr}
 83402 | Depths:2 | Identified the ring "Fasol" {rN+ Will+ Str-3 Slay+3}
 84122 | Depths:2 | Found Ehuess's Armour Shop.
 84236 | Depths:2 | Bought a +2 pair of gloves of dexterity for 473 gold pieces
 84589 | Depths:2 | Found the +2 pair of slick slippers {slick, slippery, EV+4}
 84597 | Depths:2 | Identified the +2 pair of gloves of Courage {rC- Dex+4}
 84983 | Depths:2 | Found a one-way gate leading to the halls of Pandemonium.
 85164 | Depths:2 | Bought a +1 cloak of preservation for 363 gold pieces
 85205 | Depths:3 | Noticed a golden dragon
 85211 | Depths:3 | Identified the ring of Cyel {Fly Int+2}
 85386 | Depths:3 | Noticed a golden dragon
 85396 | Depths:3 | Killed a golden dragon
 85673 | Depths:3 | Reached XP level 24. HP: 150/152 MP: 1/41
 85852 | Depths:3 | Identified the amulet of the Reasonable God {rN+ Regen+}
 86516 | Depths:3 | Learned a level 5 spell: Irradiate
 86580 | Depths:3 | Got the Encyclopedia of Unrefined Doom
 86606 | Depths:3 | Reached skill level 15 in Spellcasting
 87227 | Depths:3 | Found a one-way gateway to a ziggurat.
 87669 | Depths:4 | Entered Level 4 of the Depths
 88336 | Vaults:4 | You paid a toll of +3 shadow dragon scales to enter a
                  | treasure trove
 88337 | Trove    | Entered a treasure trove
 88378 | Trove    | Got Dispater's Atlas of Damage
 88381 | Trove    | Got Sif Muna's Vellum of the Blind Marksman
 88384 | Trove    | Got the Quarto of Wispy Charms
 88387 | Trove    | Got the Spellbook of Combat Magic
 88574 | Vaults:2 | Learned a level 5 spell: Lee's Rapid Deconstruction
 88932 | Depths:4 | Identified the +0 ring mail of Undesirable Species {+Inv
                  | rC++ Slay-6 SInv}
 89157 | Depths:4 | Found Moghajef's Book Emporium.
 89157 | Depths:4 | Found Fucauh's Antique Armour Shoppe.
 89161 | Depths:4 | Found Zacs's Distillery.
 89169 | Depths:4 | Bought 2 potions of curing for 90 gold pieces
 89169 | Depths:4 | Bought a potion of curing for 45 gold pieces
 89169 | Depths:4 | Bought a potion of mutation for 120 gold pieces
 89169 | Depths:4 | Bought a potion of invisibility for 120 gold pieces
 89169 | Depths:4 | Bought a potion of mutation for 120 gold pieces
 90101 | Depths:4 | Found a gate to the Realm of Zot.
 90809 | Vaults:5 | Entered Level 5 of the Vaults
 90812 | Vaults:5 | Noticed a dread lich
 90820 | Vaults:5 | Noticed a dread lich
 90823 | Vaults:5 | Paralysed by a dread lich for 3 turns
 90834 | Vaults:4 | Killed a dread lich
 90837 | Vaults:4 | Reached skill level 10 in Armour
 91027 | Vaults:5 | Reached skill level 10 in Shields
 91253 | Vaults:5 | Reached XP level 25. HP: 160/160 MP: 7/42
 91275 | Vaults:5 | Identified the staff "Ytuts" {rElec rC+ Ice Air}
 91282 | Vaults:5 | Identified the +4 dire flail "Puipuu" {drain, *Slow rPois
                  | Int+4}
 91298 | Vaults:5 | Killed a dread lich
 91788 | Vaults:5 | Identified the +5 sling of Qazlal's Anger {drain, rN+
                  | Dex+6}
 91881 | Vaults:5 | Reached skill level 15 in Invocations
 92930 | Vaults:5 | Got Olienimi's Compilation of Sympathetic Hail
 93459 | Vaults:5 | Got a silver rune of Zot
 93856 | Vaults:5 | Acquired 591 gold pieces
 94438 | Shoals:3 | Bought a potion of heal wounds for 90 gold pieces
 94438 | Shoals:3 | Bought a potion of curing for 54 gold pieces
 94438 | Shoals:3 | Bought a potion of heal wounds for 90 gold pieces
 94438 | Shoals:3 | Bought a potion of ambrosia for 144 gold pieces
 94438 | Shoals:3 | Bought a potion of curing for 54 gold pieces
 94438 | Shoals:3 | Bought a potion of heal wounds for 90 gold pieces
 94438 | Shoals:3 | Bought a potion of mutation for 144 gold pieces
 94438 | Shoals:3 | Bought a potion of ambrosia for 144 gold pieces
 94503 | Shoals:2 | Bought a potion of curing for 60 gold pieces
 94503 | Shoals:2 | Bought a potion of cancellation for 160 gold pieces
 94503 | Shoals:2 | Bought a potion of curing for 60 gold pieces
 94503 | Shoals:2 | Bought a potion of curing for 60 gold pieces
 94747 | D:14     | Bought a potion of enlightenment for 85 gold pieces
 94747 | D:14     | Bought 2 potions of curing for 102 gold pieces
 94747 | D:14     | Bought a potion of curing for 51 gold pieces
 94747 | D:14     | Bought a potion of curing for 51 gold pieces
 94887 | Orc:2    | Bought 2 potions of enlightenment for 130 gold pieces
 94992 | D:10     | Bought a wand of mindburst (7) for 137 gold pieces
 95366 | Zot:1    | Entered Level 1 of the Realm of Zot
 97277 | Zot:2    | Reached XP level 26. HP: 122/166 MP: 8/43
 97433 | Zot:1    | Learned a level 5 spell: Yara's Violent Unravelling
 97674 | Zot:2    | Reached skill level 1 in Hexes
 97691 | Zot:2    | Reached skill level 5 in Stealth
 98306 | Zot:2    | Noticed a Killer Klown
 98311 | Zot:2    | Killed a Killer Klown
 98784 | Zot:3    | Identified the +1 cloak of Zoyc {Dex+3}
100123 | Zot:4    | Noticed a Killer Klown
100129 | Zot:4    | Killed a Killer Klown
100563 | Zot:4    | Reached skill level 10 in Dodging
100944 | Zot:4    | Reached skill level 5 in Hexes
101037 | Zot:4    | Identified the +9 rapier of a ziggurat {flame, Int+2}
101086 | Zot:4    | Noticed a dread lich
101093 | Zot:4    | Killed a dread lich
101094 | Zot:4    | Reached skill level 15 in Earth Magic
102612 | Zot:4    | Got the Secrets of Amalgamated Death
102863 | Zot:5    | Entered Level 5 of the Realm of Zot
104283 | Zot:5    | Noticed a Killer Klown
104294 | Zot:5    | Killed a Killer Klown
104552 | Zot:5    | Noticed a dread lich
104557 | Zot:5    | Killed a dread lich
104758 | Zot:5    | Reached XP level 27. HP: 171/171 MP: 28/44
104889 | Zot:5    | Noticed a dread lich
104898 | Zot:5    | Killed a dread lich
105001 | Zot:5    | Noticed an orb of fire
105003 | Zot:5    | Gained mutation: You occasionally lose the ability to drink
                  | potions when taking damage. [an orb of fire]
105005 | Zot:5    | Killed an orb of fire
105080 | Zot:5    | Noticed an orb of fire
105085 | Zot:5    | Killed an orb of fire
105300 | Zot:5    | Noticed an orb of fire
105302 | Zot:5    | Gained mutation: You sometimes lose your temper in combat.
                  | [an orb of fire]
105304 | Zot:5    | Killed an orb of fire
105666 | Zot:5    | Noticed an orb of fire
105670 | Zot:5    | Killed an orb of fire
105872 | Zot:5    | Noticed an orb of fire
105876 | Zot:5    | Killed an orb of fire
106120 | Zot:5    | Noticed an orb of fire
106124 | Zot:5    | Killed an orb of fire
106134 | Zot:5    | Noticed an orb of fire
106136 | Zot:5    | Noticed an orb of fire
106137 | Zot:5    | Gained mutation: You are dopey. (Int -2) [an orb of fire]
106143 | Zot:5    | Killed an orb of fire
106144 | Zot:5    | Reached skill level 10 in Stealth
106333 | Zot:5    | Killed an orb of fire
108385 | Zot:5    | Lost mutation: You sometimes lose your temper in combat.
                  | [potion of mutation]
108385 | Zot:5    | Lost mutation: You occasionally lose the ability to drink
                  | potions when taking damage. [potion of mutation]
108385 | Zot:5    | Lost mutation: You are dopey. (Int -2) [potion of mutation]
108385 | Zot:5    | Gained mutation: You are frail. (-10% HP) [potion of
                  | mutation]
108385 | Zot:5    | Gained mutation: You are partially covered in large bone
                  | plates. (SH +4) [potion of mutation]
108386 | Zot:5    | Lost mutation: You are frail. (-10% HP) [potion of
                  | mutation]
108386 | Zot:5    | Lost mutation: You are partially covered in large bone
                  | plates. (SH +4) [potion of mutation]
108386 | Zot:5    | Gained mutation: You are partially covered in iridescent
                  | scales. (AC +2) [potion of mutation]
108435 | Zot:5    | Got the Orb of Zot
108467 | Zot:4    | Noticed Gitoxak the pandemonium lord
108673 | Depths:3 | Reached skill level 15 in Evocations
109128 | D:3      | Noticed Ufunun the pandemonium lord
109178 | D:$      | Escaped with the Orb!

Illustrated notes

Levels and vault maps discovered:
D:1:      sevenhm_arrival_forest_fort_small_6, layout_basic
D:2:      layout_basic
D:3:      layout_loops_corners, item_on_display_a, uniq_jessica
D:4:      layout_basic, minmay_temple_entry_drinking_statues
D:5:      minmay_goblin_kobold_castle, layout_rooms,
          mainiacjoe_overflow_alcove_2, minmay_small_thing
D:6:      layout_loops_cross, nemelex_xobeh_ov_fountains_minmay,
          vehumet_crystals, grunt_temple_overflow_open
D:7:      layout_basic
D:8:      layout_basic, grunt_lair_entry_orc_guard_hut, enter_bailey_3,
          minmay_misc_feat_alley, uniq_pikel
D:9:      layout_gridville, hellmonk_sif_muna_bookshelves,
          grunt_dithmenos_smoke_and_mirrors, nicolae_specific_store,
          uniq_maggie, uniq_maurice
D:10:     layout_basic, serial_shops, shop
D:11:     layout_stronghold, david_orc_1_choice, uniq_psyche, uniq_josephine
D:12:     layout_loops_corners, portal_ice_cave_entry_pillars_1, uniq_lodul
D:13:     layout_stronghold, serial_shops, kennysheep_mini, serial_glass,
          glass_columns_a, glass_columns_a, hangedman_weighted_door,
          kennysheep_generic_room_12, uniq_kirke
D:14:     layout_rooms, david_vaults_1, serial_shops, shop, serial_undead,
          serial_undead_e, serial_undead_b, serial_undead_c, serial_undead_f,
          serial_undead_f, serial_undead_c, infiniplex_staircase_spiral
D:15:     grunt_enter_depths_magical_seal, layout_layer_cave, special_room
          [special_room_bee], nicolae_ru_sacrificial_ziggurat
Temple:   nicolae_temple_superstar
Lair:1:   layout_roguey, nicolae_quartered_pool_super,
          grunt_forest_large_clearings, grunt_megastairs_2,
          infiniplex_staircase_pool
Lair:2:   layout_loops_ring, elwin_shoals_entry_rooms, beast_lair_carwin_2,
          serial_bayou_shore_a, uniq_sonja, uniq_gastronok
Lair:3:   beargit_carnivore_pack, layout_hall_layers, dummy_spider_entry
Lair:4:   layout_hall_layers, nicolae_slime_entry_slimehenge
Lair:5:   cheibrodos_lair_end_hotspot, layout_regular_city, lemuel_fruit_fields
Shoals:1: layout_shoals, overgrown_hall
Shoals:2: layout_shoals, serial_shops, shop, nicolae_shoals_nautilus_by_nature
Shoals:3: layout_shoals, serial_shops, nicolae_shop_tiny_waterfront
Shoals:4: shoals_end_simple, layout_shoals, uniq_polyphemus
Spider:1: layout_spider_delve, hangedman_spider_tarantella_strand
Spider:2: layout_spider_delve, uniq_azrael, uniq_agnes
Spider:3: layout_spider_delve, special_room, uniq_mara, uniq_louise
Spider:4: spider_rune_water, uniq_arachne, uniq_aizul, uniq_donald
Orc:1:    layout_diamond_mine
Orc:2:    st_orc_rangers, layout_caves, uniq_jorgrun
Elf:1:    eino_elf_arrival_shootout, layout_gridlike, serial_shops, shop_statue,
          minmay_elf_crystal_hexagon
Elf:2:    elven_hall_of_blades_hangedman_original
          [nicolae_blade_entry_floor_patterns], layout_rooms, uniq_roxanne
Elf:3:    minmay_elf_hall_dome, layout_geoelf_octagon, serial_shops,
          nicolae_book_shop_shelving
Vaults:1: infiniplex_enter_wizlab_spiral, v_misc_32, nicolae_vaults_house_2,
          vaults_dpeg_ring, nicolae_vaults_shrinking_rooms_1,
          nicolae_vaults_back_hallway, nicolae_vaults_more_shelving_1,
          nicolae_vaults_ninety_degrees, vaults_room_semicircle,
          nicolae_vaults_murder_corner, nicolae_vaults_surprise_closet,
          vaults_mumra_hexcomb, nicolae_vaults_double_plus_1,
          layout_vaults_omnibox
Vaults:2: gammafunk_ghost_fury_of_okawaru, nicolae_vaults_weapon_check,
          nicolae_vaults_network_square, ontoclasm_vaults_ring_large,
          nicolae_vaults_shipping_containers_4,
          nicolae_vaults_windows_and_doors_thing, ontoclasm_vaults_chip,
          nicolae_vaults_cornered_office, nicolae_vaults_lightning_bolt,
          nicolae_vaults_tetromino_T_1, nicolae_vaults_network_periphery,
          layout_vaults_maze_snakey
Vaults:3: vaults_mumra_chevron, nicolae_vaults_closet_pinwheel_4,
          lemuel_angel_altar, nicolae_vaults_six-pack, grunt_vaults_bifocal,
          layout_vaults_omnigrid, minmay_crypt_entry_simple_sparse,
          serial_shops, nicolae_shop_tiny_waterfront, uniq_frederick
Vaults:4: nicolae_vaults_steering_wheel, vaults_dpeg_encased_lava,
          vaults_room_door_ring, nicolae_vaults_three_branches, serial_ice_m,
          vaults_dpeg_hooks, nicolae_vaults_trapezoid_1,
          layout_vaults_chaotic_city, enter_trove_5
Vaults:5: uniq_margery
Depths:1: layout_cave_shapes, pf_vacation_house_of_asmodeus,
          hangedman_decor_growths, drop_trap, nicolae_diode_intersection,
          uniq_norris, uniq_nikola
Depths:2: grunt_arcs, layout_cross, rand_demon_pan_entry_8, abyss_entry,
          serial_shops, shop, hell_entry, minmay_misc_feat_cross,
          minmay_evil_grid, infiniplex_staircase_zigzag_1, serial_bayou_shore_b
Depths:3: minmay_the_grid_octo_2x2 [minmay_the_grid_octo_thin_diamonds,
          minmay_the_grid_octo_toaster, minmay_the_grid_octo_checkered,
          minmay_the_grid_octo_prize_star], layout_gridlike, enter_ziggurat_f,
          abyss_entry, dk_noncrumbling_4, hell_entry, chequers_jeans,
          minmay_misc_feat_chi, item_on_display_a
Depths:4: evilmike_zot_entry_gauntlet, layout_gridville, hell_entry,
          nrook_uturn, serial_bayou_shore_b, serial_bayou_shore_b,
          roderic_lattice_octagonal_star, minmay_shop_star, uniq_josephina
Zot:1:    layout_misc_corridors, regret_index_zot_stipple_split
Zot:2:    layout_misc_corridors
Zot:3:    layout_cellular_growth,
          regret_index_zotdec_abyssal_contain_seething_sorcery, lemuel_elevator
Zot:4:    hellmonk_paralyzer, layout_basic, st_small_dragon_hoard_1
Zot:5:    layout_cathedral_of_symmetry

Skill      XL: |  1  2  3  4  5  6  7  8  9 10 11 12 13 14 15 16 17 18 19 20 21 22 23 24 25 26 27 |
---------------+----------------------------------------------------------------------------------+-----
Conjurations   | 2 3 4 5 6 7 8 9 10 11 12 14 | 14.5
Fighting       | 1 3 4 6 7 8 9 10 11 12 14 15 16 17 | 17.0
Fire Magic     | 1 2 3 5 6 8 9 10 11 12 13 14 15 16 17 | 17.0
Air Magic      | 1 3 5 7 9 11 12 13 14 15 16 17 | 17.0
Alchemy        | 3 5 6 7 |  7.0
Spellcasting   | 3 4 6 7 8 9 10 11 12 13 14 15 16 17 | 17.0
Evocations     | 3 4 5 6 7 9 10 12 13 15 | 15.0
Armour         | 2 4 5 6 7 8 10 | 10.0
Throwing       | 2 3 5 6 |  6.0
Dodging        | 2 4 5 6 7 9 10 | 10.0
Invocations    | 1 4 6 7 8 9 10 11 13 17 | 17.1
Shields        | 2 5 7 8 10 | 10.0
Earth Magic    | 4 11 12 13 16 17 | 17.0
Translocations | 4 6 7 |  7.0
Stealth        | 4 8 12 | 12.4
Hexes          | 7 |  7.0

Action                     |  1- 3 |  4- 6 |  7- 9 | 10-12 | 13-15 | 16-18 | 19-21 | 22-24 | 25-27 || total
---------------------------+-------+-------+-------+-------+-------+-------+-------+-------+-------++-------
  Melee: Unarmed           |     2 |       |       |       |       |       |       |       |       ||     2
         Dagger            |    27 |     7 |       |       |       |       |       |       |       ||    34
         Demon blade       |       |    27 |    53 |    83 |    17 |       |       |       |       ||   180
         Staff             |       |       |       |       |    53 |    37 |    32 |    74 |    87 ||   283
         Bo                |       |       |       |       |       |     1 |       |     4 |     9 ||    14
  Throw: Stone             |       |     1 |       |       |       |       |       |       |       ||     1
         Boomerang         |       |     1 |       |       |       |       |       |       |       ||     1
         Dart              |       |       |     1 |       |       |       |       |       |     1 ||     2
         Throwing net      |       |       |       |       |       |       |       |       |     1 ||     1
   Cast: Sting             |    76 |    92 |    97 |     5 |       |       |       |       |       ||   270
         Mephitic Cloud    |       |       |     1 |     1 |       |       |       |       |       ||     2
         Olgreb's Toxic Ra |       |       |    31 |   117 |    69 |       |       |       |       ||   217
         Sticky Flame      |       |       |     9 |    28 |    19 |       |       |       |       ||    56
         Foxfire           |       |       |       |    14 |       |       |       |       |       ||    14
         Plasma Beam       |       |       |       |     8 |   320 |   317 |   370 |   272 |   265 ||  1552
         Arcjolt           |       |       |       |       |    30 |   123 |    87 |   118 |    38 ||   396
         Fireball          |       |       |       |       |       |    31 |    24 |    15 |     5 ||    75
         Bombard           |       |       |       |       |       |       |    41 |       |     3 ||    44
         Maxwell's Capacit |       |       |       |       |       |       |    23 |    23 |    87 ||   133
         Iskenderun's Myst |       |       |       |       |       |       |     1 |     9 |    21 ||    31
         Irradiate         |       |       |       |       |       |       |       |    17 |    58 ||    75
         Passwall          |       |       |       |       |       |       |       |     2 |     3 ||     5
         Lee's Rapid Decon |       |       |       |       |       |       |       |       |     2 ||     2
         Yara's Violent Un |       |       |       |       |       |       |       |       |     3 ||     3
         Blink             |       |       |       |       |       |       |       |       |     1 ||     1
 Invoke: Slouch            |       |       |       |       |     3 |       |       |       |     1 ||     4
         Step From Time    |       |       |       |       |       |       |       |     2 |     1 ||     3
  Evoke: Lightning rod     |       |       |       |    15 |    13 |    18 |    14 |    21 |    11 ||    92
         Phial of floods   |       |       |       |     2 |     2 |     1 |     2 |     3 |     1 ||    11
         Wand              |       |       |       |     2 |    20 |    26 |    18 |    14 |    32 ||   112
         Condenser vane    |       |       |       |       |       |     1 |     2 |     5 |     2 ||    10
         Phantom mirror    |       |       |       |       |       |       |       |     2 |     2 ||     4
    Use: Scroll            |       |     2 |     1 |     8 |    13 |     9 |    16 |    14 |    27 ||    90
         Potion            |       |       |       |     1 |     2 |       |     4 |    13 |    15 ||    35
   Stab: Confused          |       |       |     1 |       |       |       |       |       |       ||     1
 Armour: Robe              |    22 |    29 |    63 |       |       |       |    74 |   346 |   406 ||   940
         Steam dragon scal |       |       |     7 |   164 |   260 |       |       |       |       ||   431
         Leather armour    |       |       |       |       |    62 |   279 |   183 |       |       ||   524
  Dodge: Dodged            |    37 |    39 |    68 |   135 |   312 |   236 |   198 |   257 |   434 ||  1716
  Block: Buckler           |       |       |       |       |       |   112 |   132 |   183 |   238 ||   665
         Reflection        |       |       |       |       |       |       |    14 |     8 |     2 ||    24

Table legend: (Time is in decaauts)
 A = Elapsed time spent in this place.
 B = Non-inter-level travel time spent in this place.
 C = Inter-level travel time spent in this place.
 D = Time resting spent in this place.
 E = Time spent auto-exploring this place.
 F = Levels seen in this place.
 G = Mean time per level.
                   A        B        C        D        E       F      G
               +--------+--------+--------+--------+--------+-----+--------+
         Total | 148722 | 132294 |  16428 |  25160 |  89349 |  52 | 2860.0 |
       Dungeon |  37364 |  30749 |   6615 |   2565 |  24183 |  15 | 2490.9 |
        Temple |     31 |      3 |     28 |      0 |      0 |   1 |   31.0 |
          Lair |  15448 |  13926 |   1522 |   1479 |  10735 |   5 | 3089.6 |
        Shoals |  12758 |  11964 |    794 |   1384 |   9196 |   4 | 3189.5 |
   Spider Nest |  12933 |  12111 |    822 |   2436 |   8524 |   4 | 3233.2 |
  Orcish Mines |   4938 |   4257 |    681 |    215 |   3626 |   2 | 2469.0 |
   Elven Halls |  12158 |  11381 |    777 |   3218 |   6638 |   3 | 4052.7 |
        Vaults |  18724 |  16334 |   2390 |   1719 |  11702 |   5 | 3744.8 |
        Depths |  13932 |  12222 |   1710 |   2757 |   8023 |   4 | 3483.0 |
           Zot |  15960 |  14875 |   1085 |   7552 |   5271 |   5 | 3192.0 |
         Trove |    181 |    181 |      0 |      0 |     79 |   1 |  181.0 |
        Bailey |   1020 |   1020 |      0 |    108 |    649 |   1 | 1020.0 |
      Ice Cave |   2398 |   2398 |      0 |   1248 |    543 |   1 | 2398.0 |
        Wizlab |    871 |    871 |      0 |    479 |    179 |   1 |  871.0 |
               +--------+--------+--------+--------+--------+-----+--------+

Top non-repeatable levels by time:
   Zot:5: 6525 daAuts
   Elf:2: 5298 daAuts
   Zot:4: 5274 daAuts
    D:15: 5129 daAuts
Vaults:2: 4575 daAuts
  Lair:5: 4499 daAuts
    D:11: 4375 daAuts
Vaults:3: 3908 daAuts
Depths:3: 3840 daAuts
Depths:1: 3838 daAuts
Spider:4: 3822 daAuts
Spider:3: 3805 daAuts
Vaults:5: 3681 daAuts
   Elf:1: 3662 daAuts
Vaults:4: 3481 daAuts
